 Dungeon Crawl Stone Soup version 0.27-a0-705-ga0013940fb (webtiles) character file.

Game seed: 969342476662927320

126 jestyr24 the Skirmisher (level 4, 0/37 HPs)
             Began as a Palentonga Fighter on Mar 22, 2021.
             Succumbed to an adder's poison
             ... on level 3 of the Dungeon.
             The game lasted 00:08:40 (2683 turns).

jestyr24 the Skirmisher (Palentonga Fighter)        Turns: 2683, Time: 00:08:40

Health: 0/37       AC:  9    Str: 21    XL:     4   Next: 84%
Magic:  4/4        EV:  2    Int: 16    God:
Gold:   80         SH: 14    Dex:  9    Spells: 3/3 levels left

rFire    . . .     SeeInvis +   a - +0 long sword
rCold    . . .     Faith    .   c - +0 kite shield
rNeg     . . .     Spirit   .   e - +0 plate armour
rPois    .         Reflect  +   (helmet restricted)
rElec    .         Harm     .   (no cloak)
rCorr    .         Rampage  .   (no gloves)
Will     .....                  (no barding)
Stlth    ..........             k - amulet of reflection
HPRegen  0.12/turn              p - +6 ring of intelligence
MPRegen  0.09/turn              (no ring)

@: lethally poisoned (0 -> -9), flying
A: large, rugged brown scales 3, see invisible, deformed body, roll 1, armoured
tail, horns 1, clever 1
a: Rolling Charge


You were on level 3 of the Dungeon.
You visited 1 branch of the dungeon, and saw 3 of its levels.

You collected 80 gold pieces.

Inventory:

Hand Weapons
 a - a +0 long sword (weapon)
 i - a +0 long sword
Armour
 b - a +0 scale mail
 c - a +0 kite shield (worn)
 e - a +0 plate armour (worn)
 l - a +0 helmet
 o - a +0 cloak
Jewellery
 k - an amulet of reflection (around neck)
 p - a +6 ring of intelligence (right hand)
Wands
 q - a wand of charming (10)
Scrolls
 f - a scroll of teleportation {unknown}
 j - a scroll of enchant weapon {unknown}
 m - a scroll of magic mapping {unknown}
Potions
 d - a potion of might
 h - a potion of mutation
 n - a potion of lignification {unknown}


   Skills:
 + Level 3.4 Fighting
 + Level 3.0 Long Blades
 + Level 2.9 Armour
 - Level 1.0 Dodging
 + Level 3.3 Shields


You had 3 spell levels left.
You didn't know any spells.
Your spell library contained the following spells:

 Spells                   Type           Power      Damage    Failure   Level
 Animate Skeleton         Necr           0%         N/A       100%        1
 Apportation              Tloc           0%         N/A       100%        1
 Corona                   Hex            0%         N/A       100%        1
 Summon Small Mammal      Summ           0%         N/A       100%        1


Dungeon Overview and Level Annotations

Branches:
Dungeon (3/15)

Altars:
Qazlal
Wu Jian

Shops:
D:1 ?


Innate Abilities, Weirdness & Mutations

You are completely covered in rugged brown scales. (AC +3, +7% HP)
You have supernaturally acute eyesight. (SInv)
Armour fits poorly on your strangely shaped body.
You can roll at nearby foes to attack.
You have a long armoured tail.
You have a pair of small horns on your head.
Your mind is acute. (Int +2)


Message History

You hit the adder.
The adder is moderately wounded.
The adder bites you. The adder bites you but does no damage.
You block the adder's attack. x2
You block the adder's attack. The adder bites you but does no damage.
You feel sick. The adder bites you.
You are more poisoned.
The adder poisons you!
You open the door.
You feel sick.
The adder bites you but does no damage. x2
The adder bites you but does no damage. The adder barely misses you.
You riposte.
You slash the adder!
You kill the adder!
Your Long Blades skill increases to level 3!
There is an open door here.
You feel sick. The adder bites you.
* * * LOW HITPOINT WARNING * * *
You feel sick.
You miss the adder.
The adder is moderately wounded.
The adder bites you.
* * * LOW HITPOINT WARNING * * *
You block the adder's attack.
You barely miss the adder.
The adder is moderately wounded.
You feel sick. The adder bites you but does no damage.
You closely miss the adder.
The adder is moderately wounded.
You feel sick. You block the adder's attack. The adder bites you.
* * * LOW HITPOINT WARNING * * *
It was a potion of flight.
You feel very buoyant.
You fly up into the air.
The adder bites you.
* * * LOW HITPOINT WARNING * * *
You are more poisoned.
The adder poisons you! The adder bites you but does no damage.
It was a potion of mutation.
You feel extremely strange. A pair of horns grows on your head!
Your +0 helmet falls away!
You feel clever.
You die...

#........# .
#######.######.# .
........# #.####. ........#
#.##... ........# #.##...
##########.### #.##...
#...# #.).####.##...
#####..$######.#.##........
........'S@....#.......#.##
#####...####.#...###.......
#........#.#.#.......##
#...#.†..#.#.####.#.###
#...#....#.#...........
#.###....#.#.##.#.#.### #.
#.................. #.
#..>............... ..
+....#.######......


You could see an adder.

Vanquished Creatures
  6 adders
  2 worms (D:2)
  A dart slug (D:1)
  10 bats
  6 giant cockroaches
  7 goblins
  8 hobgoblins
  4 oozes
  5 quokkas
  A ball python (D:2)
  2 frilled lizards
  7 kobolds
  5 rats
64 creatures vanquished.

Notes
Turn   | Place    | Note
-------+----------+-------------------------------------------
     0 | D:1      | jestyr24 the Palentonga Fighter began the quest for the
                  | Orb.
     0 | D:1      | Reached XP level 1. HP: 19/19 MP: 1/1
   254 | D:1      | Reached XP level 2. HP: 16/25 MP: 2/2
   723 | D:1      | Found Aliotum's Magic Scroll Boutique.
  1030 | D:1      | Reached XP level 3. HP: 31/31 MP: 3/3
  1463 | D:2      | Found an ornate altar of the Wu Jian Council.
  1629 | D:2      | Found a stormy altar of Qazlal.
  1735 | D:2      | Reached XP level 4. HP: 32/37 MP: 4/4
  1840 | D:2      | Reached skill level 1 in Dodging
  2317 | D:3      | Found a faded altar of an unknown god.
  2682 | D:3      | HP: 1/37 [adder (2)]
  2683 | D:3      | Gained mutation: You have a pair of small horns on your
                  | head. [potion of mutation]
  2683 | D:3      | Gained mutation: Your mind is acute. (Int +2) [potion of
                  | mutation]
  2683 | D:3      | Succumbed to an adder's poison

Illustrated notes

Levels and vault maps discovered:
D:1:      tarquinn_simple_flora_water_f, layout_loops_ring, serial_shops, shop,
          minmay_hedge_maze, grunt_decor_one_mirror, nrook_mini_vaults,
          minivault_5, nrook_loot_triangle, minivault_23
D:2:      layout_loops_ring, old_standard_altar,
          nicolae_qazlal_scattered_showers
D:3:      layout_basic, chequers_ecumenical_altar_twisty,
          minmay_misc_feat_tower, minmay_goblin_kobold_house

Skill      XL: |  1  2  3  4 |
---------------+-------------+-----
Shields        | 3 |  3.3
Dodging        | 1 |  1.0
Long Blades    | 3 |  3.0
Fighting       | |  3.4
Armour         | |  2.9

Action                   |  1- 3 |  4- 6 || total
-------------------------+-------+-------++-------
Melee: Long sword        |   131 |    85 ||   216
       Tailslap          |    14 |    10 ||    24
  Use: Potion            |       |     2 ||     2
Armor: Plate armour      |   117 |    62 ||   179
Dodge: Dodged            |     8 |    13 ||    21
Block: Kite shield       |    83 |    79 ||   162
       Reflection        |     1 |     1 ||     2
       Rpst.: Long sword |     2 |     3 ||     5

Table legend: (Time is in decaauts)
 A = Elapsed time spent in this place.
 B = Non-inter-level travel time spent in this place.
 C = Inter-level travel time spent in this place.
 D = Time resting spent in this place.
 E = Time spent auto-exploring this place.
 F = Levels seen in this place.
 G = Mean time per level.
                   A        B        C        D        E       F      G
               +--------+--------+--------+--------+--------+-----+--------+
         Total |   2786 |   2726 |     60 |     17 |   1944 |   3 |  928.7 |
       Dungeon |   2786 |   2726 |     60 |     17 |   1944 |   3 |  928.7 |
               +--------+--------+--------+--------+--------+-----+--------+

Top non-repeatable levels by time:
     D:1: 1201 daAuts
     D:2: 1081 daAuts
     D:3: 503 daAuts
